 Dungeon Crawl Stone Soup version 0.30-a0-166-g5d06c95188 (webtiles) character file.

Game seed: 12450522488686662649

64 qw the Chopper (level 4, 0/28 HPs)
             Began as a Gargoyle Fighter on Sept 29, 2022.
             Slain by a gnoll
             ... wielding a +0 spear
              (1 damage)
             ... on level 2 of the Dungeon.
             The game lasted 00:00:25 (1335 turns).

qw the Chopper (Gargoyle Fighter)                   Turns: 1335, Time: 00:00:26

Health: 0/28       AC: 10    Str: 22    XL:     4   Next: 12%
Magic:  0/4        EV:  9    Int:  8    God:
Gold:   80         SH:  4    Dex:  9    Spells: 3/3 levels left

rFire   . . .      SeeInvis .    Y - +2 war axe
rCold   . . .      Faith    .    c - +0 buckler
rNeg    + . .      Spirit   +    b - +0 scale mail
rPois   inf        Reflect  .    (no helmet)
rElec   +          Harm     .    (no cloak)
rCorr   .          Rampage  .    (no gloves)
Will    .....                    (no boots)
Stlth   ..........               g - amulet of guardian spirit
HPRegen 0.09/turn                (no ring)
MPRegen 0.09/turn                (no ring)

@: no status effects
A: sickness immunity, AC +3, negative energy resistance 1, electricity
resistance, torment resistance 1, petrification resistance
a: no special abilities


You were on level 2 of the Dungeon.
You visited 1 branch of the dungeon, and saw 2 of its levels.

You collected 80 gold pieces.


Innate Abilities, Weirdness & Mutations

You are immune to sickness and miasma.
Your stone body is resilient. (AC +3)
You are immune to poison.
You resist negative energy. (rN+)
You are resistant to electric shocks. (rElec)
You are resistant to unholy torment.
You are immune to petrification.


   Skills:
 - Level 3.2 Fighting
 + Level 3.9 Axes
 - Level 3.2 Armour
 - Level 3.2 Shields


You had 3 spell levels left.
You didn't know any spells.
Your spell library was empty.

Inventory:

Hand Weapons
 j - a +0 whip of venom
 Y - a +2 war axe (weapon)
Armour
 b - a +0 scale mail (worn)
 c - a +0 buckler (worn)
Jewellery
 g - an amulet of guardian spirit (around neck)
 i - a ring of fire
Scrolls
 a - a scroll of poison {unknown}
 h - a scroll of identify
 l - a scroll of butterflies {unknown}
Potions
 d - a potion of might
 e - a potion of brilliance {unknown}
 f - a potion of berserk rage {unknown}
 k - a potion of mutation {unknown}

Dungeon Overview and Level Annotations

Branches:
Dungeon (2/15)

Altars:

Annotations:
D:2 Jessica


Message History

You closely miss the gnoll.
The gnoll is moderately wounded.
You block the gnoll's attack. The gnoll barely misses you.
Jessica mumbles some strange words.
Jessica blinks!
You barely miss the gnoll.
The gnoll is moderately wounded.
The gnoll hits you from afar with a +0 spear.
You block the gnoll's attack.
You closely miss the gnoll.
The gnoll is moderately wounded.
The gnoll hits you with a +0 whip. You block the gnoll's attack.
The gnoll barely misses you. x2
You hit the gnoll but do no damage.
The gnoll is moderately wounded.
The gnoll hits you but does no damage. The gnoll barely misses you.
You hit the gnoll.
The gnoll is heavily wounded.
The gnoll barely misses you.
The gnoll hits you from afar with a +0 spear.
You slash the gnoll!
You kill the gnoll!
The gnoll hits you but does no damage.
Jessica gestures wildly while chanting.
Jessica seems to speed up.
The gnoll hits you from afar with a +0 spear.
You have reached level 4!
You feel stronger. The gnoll hits you with a +0 spear.
There is a large open door here.
Things that are here:
a +0 whip; a gnoll corpse You hit the gnoll but do no damage.
The gnoll hits you but does no damage.
You closely miss the gnoll. The gnoll hits you but does no damage.
You block the gnoll's attack.
You hit the gnoll.
The gnoll is lightly wounded.
Jessica gestures wildly while chanting.
Jessica blinks!
The gnoll hits you with a +0 spear.
You die...

#...............%..
#..........#######.
#..........# #.
#..........#######.
#..................
#....####.........#
#....# #.........#
#....# #.........#
##@### #.........# #g#
#.........#
@.S...@S¤..............#
.g......$..$...#........
.g.#...........#........
.. #...........
..................####
....................#
...#
........#+#####.[...
...#


You could see a gnoll, Jessica (fast) and a ball python.

Vanquished Creatures
  A gnoll (D:2)
  An adder (D:2)
  A worm (D:2)
  A dart slug (D:1)
  4 bats (D:1)
  7 endoplasms
  A goblin (D:1)
  5 hobgoblins
  7 jackals
  A quokka (D:2)
  A ball python (D:2)
  2 frilled lizards (D:2)
  2 kobolds
  2 rats
36 creatures vanquished.

Notes
Turn   | Place    | Note
-------+----------+-------------------------------------------
     0 | D:1      | qw the Gargoyle Fighter began the quest for the Orb.
     0 | D:1      | Reached XP level 1. HP: 14/14 MP: 1/1
     0 | D:1      | 0 ||| qw: Version: 0.2-a-12-gaebbb33
     0 | D:1      | 0 ||| qw: Game counter: 1031
     0 | D:1      | 0 ||| qw: Always use a shield: true
     0 | D:1      | 0 ||| qw: God list: Okawaru
     0 | D:1      | 0 ||| qw: Allow faded altars: false
     0 | D:1      | 0 ||| qw: Do Orc after D:15 true
     0 | D:1      | 0 ||| qw: Do second Lair branch before Depths: true
     0 | D:1      | 0 ||| qw: Lair rune preference: random
     0 | D:1      | 0 ||| qw: Plans: Normal, Zot:1-4, God:TSO, Crypt, Tomb,
                  | Pan, Slime:5, Hells, Abyss, Orb
     0 | D:1      | 0 ||| PLANNING D:1-11
   224 | D:1      | You fall into a shaft and drop 1 floor!
   232 | D:2      | Reached XP level 2. HP: 19/19 MP: 2/2
   435 | D:2      | 435 ||| UPGRADING to amulet of guardian spirit.
   440 | D:2      | 440 ||| READING scroll labelled GETOITHE DIFFU.
   585 | D:1      | Reached skill level 3 in Axes
   662 | D:1      | Reached XP level 3. HP: 23/23 MP: 3/3
   840 | D:1      | 840 ||| Stepping ~*~*~tactically~*~*~ (hiding).
  1109 | D:1      | 1109 ||| READING scroll labelled ZAFFAI FUNOUDD.
  1110 | D:1      | 1110 ||| READING 2 scrolls labelled VEUBLEDUSI.
  1196 | D:2      | 1196 ||| READING scroll of enchant weapon.
  1196 | D:2      | 1196 ||| ENCHANTING +1 war axe.
  1315 | D:2      | 1315 ||| Stepping ~*~*~tactically~*~*~ (stealth).
  1316 | D:2      | Noticed Jessica
  1317 | D:2      | 1317 ||| Stepping ~*~*~tactically~*~*~ (hiding).
  1322 | D:2      | 1322 ||| Stepping ~*~*~tactically~*~*~ (stealth).
  1328 | D:2      | HP: 4/23 [gnoll/+0 whip (5)]
  1332 | D:2      | Reached XP level 4. HP: 2/28 MP: 0/4
  1332 | D:2      | HP: 1/28 [gnoll/+0 spear (1)]
  1335 | D:2      | Slain by a gnoll

Levels and vault maps discovered:
D:1:      lemuel_arrival_room, layout_basic, minmay_tromino_v4_b
D:2:      layout_basic, basic_altar, uniq_jessica

Skill      XL: |  1  2 |
---------------+-------+-----
Axes           | 2 3 |  3.9
Fighting       | |  3.2
Armour         | |  3.2
Shields        | |  3.2

Action                   |  1- 3 |  4- 6 || total
-------------------------+-------+-------++-------
Melee: War axe           |    76 |     3 ||    79
  Use: Scroll            |     4 |       ||     4
Armor: Scale mail        |    31 |     2 ||    33
Dodge: Dodged            |    32 |       ||    32
Block: Buckler           |    14 |     1 ||    15

Table legend:
 A = Non-vault XP
 B = Vault XP
 C = Vault XP percentage of total XP
 D = Non-vault monster count
 E = Vault monster count
 F = Vault count percentage of total count
                 A         B        C        D         E       F
            +---------+---------+-------+---------+---------+-------
      Total |      88 |       4 |   4.3 |      34 |       2 |   5.6
            +---------+---------+-------+---------+---------+-------
        D:1 |      33 |       4 |  10.8 |      17 |       2 |  10.5
        D:2 |      55 |       0 |   0.0 |      17 |       0 |   0.0
            +---------+---------+-------+---------+---------+-------
